 Dungeon Crawl Stone Soup version 0.29-a0-91-gdebf4667c2 (webtiles) character file.

Game seed: 85210374249548820

1295 Pingas the Ruffian (level 8, -1/78 HPs)
             Began as a Troll Monk on Feb 7, 2022.
             Was an Initiate of Gozag.
             Slain by an ogre (10 damage)
             ... on level 5 of the Dungeon.
             The game lasted 00:25:32 (3588 turns).

Pingas the Ruffian (Troll Monk)                     Turns: 3588, Time: 00:25:32

Health: -1/78      AC:  4    Str: 22    XL:     8   Next: 30%
Magic:  7/7        EV: 11    Int:  6    God:    Gozag
Gold:   216        SH:  0    Dex: 12    Spells: 7/7 levels left

rFire   + . .      SeeInvis .   m - +4 hand axe
rCold   + . .      Faith    +   (no shield)
rNeg    . . .      Spirit   .   j - +0 robe
rPois   +          Reflect  .   (helmet restricted)
rElec   +          Harm     .   (no cloak)
rCorr   +          Rampage  .   (gloves unavailable)
Will    .....                   (boots unavailable)
Stlth   ++........              l - amulet of faith
HPRegen 1.03/turn               (no ring)
MPRegen 0.10/turn               (no ring)

@: resistant, gold aura
A: large, unfitting armour, claws 3, regeneration 1, shaggy fur 1, tough skin 1
a: Renounce Religion, Potion Petition, Call Merchant, Bribe Branch


You were on level 5 of the Dungeon.
You worshipped Gozag.
Gozag was aware of your devotion.
You visited 2 branches of the dungeon, and saw 6 of its levels.

You collected 216 gold pieces.

Inventory:

Hand Weapons
 m - a +4 hand axe (weapon)
Missiles
 b - 153 stones (quivered)
 d - 62 arrows
Armour
 a - a +0 robe
 h - a +0 cloak {i}
 j - a +0 robe (worn)
Jewellery
 l - an amulet of faith (around neck)
Scrolls
 c - a scroll of magic mapping {unknown}
 e - a scroll of identify
 i - 2 scrolls of summoning {unknown}
Potions
 f - a potion of berserk rage {unknown}
 k - a potion of might {unknown}


   Skills:
 + Level 4.0 Fighting
 + Level 1.4 Axes
 + Level 4.9 Dodging
 + Level 2.1 Stealth
 + Level 7.4 Unarmed Combat


You had 7 spell levels left.
You didn't know any spells.
Your spell library contained the following spells:

 Spells                   Type           Power      Damage    Failure   Level
 Pain                     Necr           0%         1d4       45%         1
 Conjure Flame            Conj/Fire      0%         6-21      83%         3
 Gell's Gravitas          Tloc           0%         N/A       83%         3
 Ignite Poison            Fire/Tmut/Pois 0%         N/A       83%         3
 Lesser Beckoning         Tloc           0%         N/A       83%         3
 Teleport Other           Tloc           0%         N/A       83%         3
 Sticky Flame             Conj/Fire      0%         2d3       99%         4
 Agony                    Necr           0%         N/A       100%        5
 Excruciating Wounds      Necr           0%         N/A       100%        5


Dungeon Overview and Level Annotations

Branches:
Dungeon (5/15)             Temple (1/1) D:4

Altars:
Ashenzari
Cheibriados
Dithmenos
Elyvilon
Fedhas
Gozag
Hepliaklqana
Kikubaaqudgha
Makhleb
Nemelex Xobeh
Okawaru
Qazlal
Ru
Sif Muna
Trog
Uskayaw
Vehumet
Wu Jian
Xom
Yredelemnul
The Shining One

Shops:
D:3 ?   D:4 !


Innate Abilities, Weirdness & Mutations

You are too large for most types of armour.
You have claws for hands.
Your natural rate of healing is unusually fast.
You are covered in fur. (AC +1)
You have tough skin. (AC +1)


Message History

The black bear is almost dead.
The black bear bites you but does no damage.
The black bear closely misses you. The black bear claws you.
The black bear goes berserk!
You hit the black bear but do no damage.
The black bear is almost dead.
The black bear barely misses you. The black bear closely misses you.
The black bear claws you.
The black bear bites you but does no damage.
The black bear claws you but does no damage.
The black bear claws you.
You closely miss the black bear.
The black bear is almost dead.
The black bear bites you. The black bear claws you.
* * * LOW HITPOINT WARNING * * *
The black bear closely misses you.
You feel protected. The black bear closely misses you.
The black bear claws you.
* * * LOW HITPOINT WARNING * * *
The black bear misses you. x2; The black bear claws you.
* * * LOW HITPOINT WARNING * * *
The black bear claws you.
* * * LOW HITPOINT WARNING * * *
You slash the black bear!
You kill the black bear!
The ogre is distracted by your dazzling golden aura.
Your Fighting skill increases to level 4!
You slash the ogre!
The ogre is no longer distracted by gold.
The ogre is heavily wounded.
The ogre hits you with a +0 giant spiked club.
* * * LOW HITPOINT WARNING * * *
You hit the ogre.
The ogre is severely wounded.
The ogre barely misses you.
You barely miss the ogre. You claw the ogre.
The ogre is almost dead.
The ogre hits you with a +0 giant spiked club!
You die...
Your body crumbles into a pile of gold.

# . # .. # ... # ....
################ .....
#........#.....#
......###........#.....#
......$@O........'.....'
####.####........#.....#
#.......O#######
...........# #
##########.# # .... #
..... # ..... #


You could see an ogre.

Vanquished Creatures
  Grinder (D:3)
  Eustachio (D:4)
  Menkaure (D:4)
  2 black bears
  A phantom (D:5)
  2 scorpions (D:5)
  A hound (D:5)
  A jelly (D:4)
  An orc priest (D:3)
  An iguana (D:3)
  Terence (D:3)
  Natasha (thrice) (D:4)
  3 orc wizards
  4 gnolls (D:3)
  6 adders
  3 worms
  2 dart slugs
  9 orcs
  13 ball pythons
  7 bats
  8 endoplasms
  3 giant cockroaches
  6 hobgoblins
  3 jackals (D:3)
  6 kobolds
  5 quokkas
  4 frilled lizards
  6 goblins
  21 rats
125 creatures vanquished.

Notes
Turn   | Place    | Note
-------+----------+-------------------------------------------
     0 | D:1      | Pingas the Troll Monk began the quest for the Orb.
     0 | D:1      | Reached XP level 1. HP: 22/22 MP: 0/0
   265 | D:1      | Reached XP level 2. HP: 29/29 MP: 1/1
   692 | D:2      | Reached XP level 3. HP: 36/36 MP: 2/2
   762 | D:2      | Found a faded altar of an unknown god.
   878 | D:2      | Identified the +3 robe "Mabrag Peygh" {MP+9 Int+4 Dex-2
                  | Archmagi}
  1307 | D:3      | Reached skill level 4 in Unarmed Combat
  1307 | D:3      | Reached XP level 4. HP: 43/44 MP: 3/3
  1334 | D:3      | Found a stormy altar of Qazlal.
  1334 | D:3      | Found an ancient bone altar of Kikubaaqudgha.
  1334 | D:3      | Found an ornate altar of the Wu Jian Council.
  1463 | D:3      | Reached XP level 5. HP: 50/52 MP: 4/4
  1687 | D:3      | Found Usamei's Magic Scroll Emporium.
  1699 | D:3      | Noticed Grinder
  1704 | D:3      | Killed Grinder
  1705 | D:3      | Reached skill level 5 in Unarmed Combat
  1705 | D:3      | Reached XP level 6. HP: 50/61 MP: 5/5
  2128 | D:3      | Noticed Terence
  2143 | D:3      | Killed Terence
  2370 | D:4      | Found Rasmeuc's Distillery.
  2378 | D:4      | Noticed Natasha
  2386 | D:4      | Killed Natasha
  2387 | D:4      | Reached skill level 6 in Unarmed Combat
  2463 | D:4      | Noticed Eustachio
  2485 | D:4      | Killed Eustachio
  2486 | D:4      | Reached XP level 7. HP: 61/67 MP: 6/6
  2541 | D:4      | Noticed Natasha
  2554 | D:4      | Killed Natasha
  2603 | D:4      | Noticed Menkaure
  2610 | D:4      | Killed Menkaure
  2611 | D:4      | Reached skill level 7 in Unarmed Combat
  2678 | D:4      | Found a staircase to the Ecumenical Temple.
  2684 | Temple   | Entered the Ecumenical Temple
  2785 | Temple   | Became a worshipper of Gozag Ym Sagoz the Greedy
  2895 | D:4      | Noticed Natasha
  2930 | D:4      | Killed Natasha
  3325 | D:5      | Entered Level 5 of the Dungeon
  3415 | D:5      | Reached XP level 8. HP: 53/75 MP: 7/7
  3458 | D:5      | Reached skill level 1 in Axes
  3588 | D:5      | Slain by an ogre

Illustrated notes

Levels and vault maps discovered:
D:1:      minmay_arrival_shattered_statue, layout_basic, roderic_serpentine_path
D:2:      layout_loops_ring, dreamdust_ecumenical_altar_statues
D:3:      layout_loops_cross, gammafunk_temple_overflow_claw, serial_shops,
          nicolae_shop_hallway_plus, corexii_leaking_fountain, minmay_rat_hole,
          uniq_grinder, uniq_terence
D:4:      nicolae_cairo_tiling_large_dashed, layout_cave_pools,
          minmay_temple_entry_nine_rooms, serial_shops, shop, uniq_eustachio,
          uniq_natasha, uniq_menkaure
D:5:      layout_basic
Temple:   compressed_dpeg_circular_temple

Skill      XL: |  1  2  3  4  5  6  7  8 |
---------------+-------------------------+-----
Dodging        | 3 4 |  4.9
Unarmed Combat | 4 5 6 7 |  7.4
Fighting       | 3 4 |  4.0
Stealth        | 2 |  2.1
Axes           | 1 |  1.4

Action                   |  1- 3 |  4- 6 |  7- 9 || total
-------------------------+-------+-------+-------++-------
Melee: Unarmed           |    96 |   138 |    29 ||   263
       Punch             |     3 |     3 |     5 ||    11
       Hand axe          |       |       |    79 ||    79
  Use: Scroll            |       |     4 |       ||     4
       Potion            |       |       |     3 ||     3
 Stab: Sleeping          |     1 |     4 |       ||     5
Armor: Robe              |    51 |    41 |    55 ||   147
Dodge: Dodged            |    39 |    84 |    78 ||   201

Table legend: (Time is in decaauts)
 A = Elapsed time spent in this place.
 B = Non-inter-level travel time spent in this place.
 C = Inter-level travel time spent in this place.
 D = Time resting spent in this place.
 E = Time spent auto-exploring this place.
 F = Levels seen in this place.
 G = Mean time per level.
                   A        B        C        D        E       F      G
               +--------+--------+--------+--------+--------+-----+--------+
         Total |   3592 |   2873 |    719 |      0 |    928 |   6 |  598.7 |
       Dungeon |   3477 |   2759 |    718 |      0 |    928 |   5 |  695.4 |
        Temple |    114 |    113 |      1 |      0 |      0 |   1 |  114.0 |
               +--------+--------+--------+--------+--------+-----+--------+

Top non-repeatable levels by time:
     D:3: 971 daAuts
     D:4: 932 daAuts
     D:1: 684 daAuts
     D:2: 610 daAuts
     D:5: 277 daAuts
  Temple: 114 daAuts
